TOP OF THE 1ST |
Salem-Keizer Volcanoes batting - Pitching for Williamsport Crosscutters : LHP Pat Palazzolo
|
Pitching: LHP Pat Palazzolo
|
|
Batting: LHB Gil Caraveo
|
0-0: Ground out 6-3 (Groundball, 6S, EV 66.9 MPH)
|
Batting: RHB Bill Defazio
|
0-0: Called Strike 0-1: Ball 1-1: DOUBLE (Line Drive, 89D, EV 108.8 MPH)
|
Batting: RHB Justin Baldwin
|
0-0: Ball 1-0: Foul Ball, location: 2F 1-1: Ball 2-1: Swinging Strike 2-2: Ball 3-2: Foul Ball, location: 2F 3-2: Strikes out looking
|
Batting: RHB Davey Beeson
|
0-0: Called Strike 0-1: Foul Ball, location: 2F 0-2: Strikes out swinging
|
Top of the 1st over - 0 runs, 1 hit, 0 errors, 1 left on base; Salem-Keizer 0 - Williamsport 0 |
BOTTOM OF THE 1ST |
Williamsport Crosscutters batting - Pitching for Salem-Keizer Volcanoes : LHP Matt Bagnall
|
Pitching: LHP Matt Bagnall
|
|
Batting: RHB Alan Weller
|
0-0: Foul Ball, location: 2F 0-1: Ball 1-1: Ball 2-1: TRIPLE (Flyball, 89XD, EV 91.9 MPH)
|
Batting: LHB Manoel Camp
|
0-0: Ball 1-0: Ball 2-0: Swinging Strike 2-1: SINGLE (Line Drive, 5D, EV 98.8 MPH) Alan Weller scores
|
Batting: RHB Matt McDevitt
|
0-0: Ball 1-0: Ball 2-0: TRIPLE (Line Drive, 89XD, EV 103.1 MPH) Manoel Camp scores
|
Batting: RHB Allen Gravel
|
0-0: Foul Ball, location: 2F 0-1: Swinging Strike 0-2: Ball 1-2: Strikes out swinging
|
Batting: RHB Ken Gadberry
|
0-0: Swinging Strike 0-1: Ball 1-1: Called Strike 1-2: Strikes out looking
|
Batting: RHB Cory Bonham
|
0-0: Ground out 4-3 (Groundball, 4, EV 91.9 MPH)
|
Bottom of the 1st over - 2 runs, 3 hits, 0 errors, 1 left on base; Salem-Keizer 0 - Williamsport 2 |
TOP OF THE 2ND |
Salem-Keizer Volcanoes batting - Pitching for Williamsport Crosscutters : LHP Pat Palazzolo
|
Batting: RHB Justin Layton
|
0-0: Called Strike 0-1: Fly out, F7 (Flyball, 78D, EV 97.5 MPH)
|
Batting: RHB Dinand Brouwer
|
0-0: Swinging Strike 0-1: Swinging Strike 0-2: Ball 1-2: Foul Ball, location: 2F 1-2: Ball 2-2: Ball 3-2: Strikes out swinging
|
Batting: LHB Ryan Anderson
|
0-0: SINGLE (Groundball, P, EV 78.8 MPH) (infield hit)
|
Batting: RHB Ryan Johnston
|
0-0: Ball 1-0: Ball 2-0: 2-RUN HOME RUN (Flyball, 7LD, EV 94.4 MPH), Distance : 349 ft
|
Batting: RHB John Tyra
|
0-0: Swinging Strike 0-1: Foul Ball, location: 2F 0-2: Ball 1-2: Ball 2-2: Ball 3-2: Foul Ball, location: 2F 3-2: Base on Balls
|
Batting: LHB Gil Caraveo
|
0-0: Foul Ball, location: 2F 0-1: SINGLE (Groundball, 4M, EV 105.0 MPH) (infield hit) John Tyra to second
|
Batting: RHB Bill Defazio
|
0-0: Called Strike 0-1: Foul Ball, location: 2F 0-2: Ball 1-2: Reached on error, E4 (Groundball, 4, EV 89.4 MPH) John Tyra to third Gil Caraveo to second
|
Batting: RHB Justin Baldwin
|
0-0: Called Strike 0-1: Foul Ball, location: 2F 0-2: Strikes out swinging
|
Top of the 2nd over - 2 runs, 3 hits, 1 error, 3 left on base; Salem-Keizer 2 - Williamsport 2 |
BOTTOM OF THE 2ND |
Williamsport Crosscutters batting - Pitching for Salem-Keizer Volcanoes : LHP Matt Bagnall
|
Batting: LHB Tsuneharu Nishimura
|
0-0: Ball 1-0: Called Strike 1-1: Ball 2-1: Foul Ball, location: 2F 2-2: Ball 3-2: Foul Ball, location: 2F 3-2: Base on Balls
|
Batting: SHB Jeff Echt
|
0-0: Ball 1-0: Called Strike 1-1: Ball 2-1: Ball 3-1: Base on Balls Tsuneharu Nishimura to second
|
Batting: SHB Matt Sybrant
|
0-0: Foul Ball, location: 2F 0-1: Ball 1-1: SINGLE (Groundball, 56D, EV 96.2 MPH) Tsuneharu Nishimura to third Jeff Echt to second Runner from 3rd tries for Home, throw by LF and OUT! 7-2
|
Batting: RHB Alan Weller
|
0-0: Ball 1-0: Ball 2-0: SINGLE (Groundball, 56D, EV 99.4 MPH) Jeff Echt to third Matt Sybrant to second Runner from 3rd tries for Home, SAFE, throw by LF to home
|
Batting: LHB Manoel Camp
|
0-0: Ball 1-0: Ball 2-0: Swinging Strike 2-1: Foul Ball, location: 2F 2-2: Strikes out swinging
|
Batting: RHB Matt McDevitt
|
0-0: Ball 1-0: Ball 2-0: Ball 3-0: Base on Balls Matt Sybrant to third Alan Weller to second
|
Batting: RHB Allen Gravel
|
0-0: Ball 1-0: Ground out 1-3 (Groundball, 15S, EV 70.0 MPH)
|
Bottom of the 2nd over - 1 run, 2 hits, 0 errors, 3 left on base; Salem-Keizer 2 - Williamsport 3 |
TOP OF THE 3RD |
Salem-Keizer Volcanoes batting - Pitching for Williamsport Crosscutters : LHP Pat Palazzolo
|
Batting: RHB Davey Beeson
|
0-0: Ground out 5-3 (Groundball, 56S, EV 94.4 MPH)
|
Batting: RHB Justin Layton
|
0-0: Ground out 2-3 (Groundball, 2R, EV 67.5 MPH)
|
Batting: RHB Dinand Brouwer
|
0-0: Ball 1-0: Foul Ball, location: 2F 1-1: Called Strike 1-2: Ball 2-2: Fly out, F9 (Flyball, 9LS, EV 86.9 MPH)
|
Top of the 3rd over - 0 runs, 0 hits, 0 errors, 0 left on base; Salem-Keizer 2 - Williamsport 3 |
BOTTOM OF THE 3RD |
Williamsport Crosscutters batting - Pitching for Salem-Keizer Volcanoes : LHP Matt Bagnall
|
Batting: RHB Ken Gadberry
|
0-0: Called Strike 0-1: SINGLE (Groundball, 6MD, EV 104.4 MPH)
|
Batting: RHB Cory Bonham
|
0-0: Ball 1-0: Ball 2-0: Foul Ball, location: 2F 2-1: Ball 3-1: Foul Ball, location: 2F 3-2: Strikes out looking
|
Batting: LHB Tsuneharu Nishimura
|
0-0: Ball 1-0: Ball 2-0: Called Strike 2-1: 2-RUN HOME RUN (Flyball, 9LD, EV 96.2 MPH), Distance : 349 ft
|
Batting: SHB Jeff Echt
|
0-0: Ground out 4-3 (Groundball, 4, EV 110.0 MPH)
|
Batting: SHB Matt Sybrant
|
0-0: Ball 1-0: Called Strike 1-1: Ball 2-1: Called Strike 2-2: Strikes out swinging
|
Bottom of the 3rd over - 2 runs, 2 hits, 0 errors, 0 left on base; Salem-Keizer 2 - Williamsport 5 |
TOP OF THE 4TH |
Salem-Keizer Volcanoes batting - Pitching for Williamsport Crosscutters : LHP Pat Palazzolo
|
Batting: LHB Ryan Anderson
|
0-0: Called Strike 0-1: Foul Ball, location: 2F 0-2: Foul Ball, location: 2F 0-2: Ball 1-2: Ball 2-2: Foul Ball, location: 2F 2-2: SINGLE (Groundball, 4MD, EV 95.6 MPH)
|
Batting: RHB Ryan Johnston
|
0-0: Ball 1-0: Called Strike 1-1: Foul Ball, location: 2F 1-2: Foul Ball, location: 2F 1-2: Ball 2-2: Foul Ball, location: 2F 2-2: Foul Ball, location: 2F 2-2: Strikes out swinging
|
Batting: RHB John Tyra
|
0-0: Ball 1-0: Ball 2-0: Swinging Strike 2-1: Swinging Strike 2-2: Foul Ball, location: 2F 2-2: Ball 3-2: Ground out 4-3 (Groundball, 34, EV 79.4 MPH) Ryan Anderson to second
|
Batting: LHB Gil Caraveo
|
0-0: Ball 1-0: Called Strike 1-1: Foul Ball, location: 2F 1-2: Foul Ball, location: 2F 1-2: Ball 2-2: Foul Ball, location: 2F 2-2: Strikes out swinging
|
Top of the 4th over - 0 runs, 1 hit, 0 errors, 1 left on base; Salem-Keizer 2 - Williamsport 5 |
BOTTOM OF THE 4TH |
Williamsport Crosscutters batting - Pitching for Salem-Keizer Volcanoes : LHP Matt Bagnall
|
Batting: RHB Alan Weller
|
0-0: Ground out 6-3 (Groundball, 6, EV 98.8 MPH)
|
Batting: LHB Manoel Camp
|
0-0: Ball 1-0: Foul Ball, location: 2F 1-1: Foul Ball, location: 2F 1-2: Ball 2-2: Ground out 4-3 (Groundball, 4, EV 91.9 MPH)
|
Batting: RHB Matt McDevitt
|
0-0: Ball 1-0: Called Strike 1-1: Called Strike 1-2: Ground out 5-3 (Groundball, 25, EV 86.2 MPH)
|
Bottom of the 4th over - 0 runs, 0 hits, 0 errors, 0 left on base; Salem-Keizer 2 - Williamsport 5 |
TOP OF THE 5TH |
Salem-Keizer Volcanoes batting - Pitching for Williamsport Crosscutters : LHP Pat Palazzolo
|
Batting: RHB Bill Defazio
|
0-0: Called Strike 0-1: Swinging Strike 0-2: Strikes out swinging
|
Batting: RHB Justin Baldwin
|
0-0: Ball 1-0: Fly out, F9 (Flyball, 9S, EV 85.6 MPH)
|
Batting: RHB Davey Beeson
|
0-0: Called Strike 0-1: Foul Ball, location: 2F 0-2: Ball 1-2: Strikes out looking
|
Top of the 5th over - 0 runs, 0 hits, 0 errors, 0 left on base; Salem-Keizer 2 - Williamsport 5 |
BOTTOM OF THE 5TH |
Williamsport Crosscutters batting - Pitching for Salem-Keizer Volcanoes : LHP Matt Bagnall
|
Pitching: RHP Chase Joy
|
|
Batting: RHB Allen Gravel
|
0-0: Ball 1-0: Ball 2-0: Called Strike 2-1: Swinging Strike 2-2: Ball 3-2: SOLO HOME RUN (Flyball, 9LD, EV 98.1 MPH), Distance : 343 ft
|
Batting: RHB Ken Gadberry
|
0-0: Swinging Strike 0-1: Ball 1-1: Called Strike 1-2: Ball 2-2: Ball 3-2: Ground out 6-3 (Groundball, 6, EV 93.8 MPH)
|
Batting: RHB Cory Bonham
|
0-0: Ball 1-0: Ball 2-0: Ball 3-0: Base on Balls
|
Batting: LHB Tsuneharu Nishimura
|
0-0: Ball 1-0: Foul Ball, location: 2F 1-1: TRIPLE (Flyball, 89XD, EV 86.9 MPH) Cory Bonham scores
|
Batting: SHB Jeff Echt
|
0-0: Ball 1-0: Called Strike 1-1: Swinging Strike 1-2: Ball 2-2: Ball 3-2: Foul Ball, location: 2F 3-2: Foul Ball, location: 2F 3-2: Foul Ball, location: 2F 3-2: Foul Ball, location: 2F 3-2: Ground out U3 (Groundball, 3, EV 80.6 MPH)
|
Pitching: RHP Takashi Kino
|
|
Batting: SHB Matt Sybrant
|
0-0: Ball 1-0: Called Strike 1-1: Foul Ball, location: 2F 1-2: Foul Ball, location: 2F 1-2: Strikes out looking
|
Bottom of the 5th over - 2 runs, 2 hits, 0 errors, 1 left on base; Salem-Keizer 2 - Williamsport 7 |
TOP OF THE 6TH |
Salem-Keizer Volcanoes batting - Pitching for Williamsport Crosscutters : LHP Pat Palazzolo
|
Batting: RHB Justin Layton
|
0-0: Foul Ball, location: 2F 0-1: Ball 1-1: Swinging Strike 1-2: Ball 2-2: Ball 3-2: Foul Ball, location: 2F 3-2: Fly out, F7 (Flyball, 7S, EV 86.9 MPH)
|
Pitching: RHP Shunichi Ogawa
|
|
Batting: RHB Dinand Brouwer
|
0-0: Ball 1-0: Ball 2-0: Called Strike 2-1: Swinging Strike 2-2: Ball 3-2: Strikes out looking
|
Batting: LHB Ryan Anderson
|
0-0: Called Strike 0-1: Foul Ball, location: 2F 0-2: Ball 1-2: Strikes out swinging
|
Top of the 6th over - 0 runs, 0 hits, 0 errors, 0 left on base; Salem-Keizer 2 - Williamsport 7 |
BOTTOM OF THE 6TH |
Williamsport Crosscutters batting - Pitching for Salem-Keizer Volcanoes : RHP Takashi Kino
|
Batting: RHB Alan Weller
|
0-0: Ball 1-0: Foul Ball, location: 2F 1-1: SINGLE (Groundball, 6MS, EV 71.9 MPH) (infield hit)
|
Batting: LHB Manoel Camp
|
0-0: Foul Ball, location: 2F 0-1: Swinging Strike 0-2: Strikes out swinging
|
Batting: RHB Matt McDevitt
|
0-0: Called Strike 0-1: Foul Ball, location: 2F 0-2: Strikes out swinging
|
Batting: RHB Allen Gravel
|
0-0: Called Strike 0-1: Ball 1-1: Ball 2-1: Swinging Strike 2-2: Ball 3-2: Strikes out swinging
|
Bottom of the 6th over - 0 runs, 1 hit, 0 errors, 1 left on base; Salem-Keizer 2 - Williamsport 7 |
TOP OF THE 7TH |
Salem-Keizer Volcanoes batting - Pitching for Williamsport Crosscutters : RHP Shunichi Ogawa
|
Batting: RHB Ryan Johnston
|
0-0: Ball 1-0: Called Strike 1-1: Called Strike 1-2: Foul Ball, location: 2F 1-2: Foul Ball, location: 2F 1-2: SINGLE (Groundball, 56D, EV 96.2 MPH)
|
Batting: RHB John Tyra
|
0-0: Ball 1-0: Foul Ball, location: 2F 1-1: Ball 2-1: Ball 3-1: Fielders Choice at 2nd, 4-6 (Groundball, 4, EV 82.5 MPH)
|
Batting: LHB Gil Caraveo
|
0-0: Ball 1-0: Foul Ball, location: 2F 1-1: Swinging Strike 1-2: Ball 2-2: Foul Ball, location: 2F 2-2: Foul Ball, location: 2F 2-2: Strikes out looking
|
Batting: RHB Bill Defazio
|
0-0: Ball 1-0: Ball 2-0: Swinging Strike 2-1: Foul Ball, location: 2F 2-2: Ball 3-2: Strikes out looking
|
Top of the 7th over - 0 runs, 1 hit, 0 errors, 1 left on base; Salem-Keizer 2 - Williamsport 7 |
BOTTOM OF THE 7TH |
Williamsport Crosscutters batting - Pitching for Salem-Keizer Volcanoes : RHP Takashi Kino
|
Batting: RHB Ken Gadberry
|
0-0: Swinging Strike 0-1: Ball 1-1: Ball 2-1: Called Strike 2-2: Ball 3-2: Strikes out looking
|
Batting: RHB Cory Bonham
|
0-0: Ball 1-0: Called Strike 1-1: Swinging Strike 1-2: Strikes out looking
|
Batting: LHB Tsuneharu Nishimura
|
0-0: Ball 1-0: Ball 2-0: Called Strike 2-1: Foul Ball, location: 2F 2-2: Ball 3-2: Foul Ball, location: 2F 3-2: Strikes out swinging
|
Bottom of the 7th over - 0 runs, 0 hits, 0 errors, 0 left on base; Salem-Keizer 2 - Williamsport 7 |
TOP OF THE 8TH |
Salem-Keizer Volcanoes batting - Pitching for Williamsport Crosscutters : RHP Shunichi Ogawa
|
Batting: RHB Justin Baldwin
|
0-0: Ball 1-0: Called Strike 1-1: Foul Ball, location: 2F 1-2: Ground out 5-3 (Groundball, 5, EV 85.0 MPH)
|
Batting: RHB Davey Beeson
|
0-0: Swinging Strike 0-1: Ball 1-1: Foul Ball, location: 2F 1-2: Strikes out looking
|
Batting: RHB Justin Layton
|
0-0: Ball 1-0: Foul Ball, location: 2F 1-1: Ball 2-1: Swinging Strike 2-2: Ball 3-2: Base on Balls
|
Batting: RHB Dinand Brouwer
|
0-0: Ball 1-0: Called Strike 1-1: Ball 2-1: Foul Ball, location: 2F 2-2: Strikes out swinging
|
Top of the 8th over - 0 runs, 0 hits, 0 errors, 1 left on base; Salem-Keizer 2 - Williamsport 7 |
BOTTOM OF THE 8TH |
Williamsport Crosscutters batting - Pitching for Salem-Keizer Volcanoes : RHP Takashi Kino
|
Pitching: LHP Caleb Mullinax
|
|
Batting: SHB Jeff Echt
|
0-0: Ball 1-0: Ground out U3 (Groundball, 34, EV 110.0 MPH)
|
Batting: SHB Matt Sybrant
|
0-0: Ball 1-0: Ground out 5-3 (Groundball, 56, EV 84.4 MPH)
|
Batting: RHB Alan Weller
|
0-0: Foul Ball, location: 2F 0-1: Ball 1-1: Ball 2-1: Called Strike 2-2: Ball 3-2: Strikes out swinging
|
Bottom of the 8th over - 0 runs, 0 hits, 0 errors, 0 left on base; Salem-Keizer 2 - Williamsport 7 |
TOP OF THE 9TH |
Salem-Keizer Volcanoes batting - Pitching for Williamsport Crosscutters : RHP Shunichi Ogawa
|
Batting: LHB Ryan Anderson
|
0-0: Foul Ball, location: 2F 0-1: Ball 1-1: Foul Ball, location: 2F 1-2: Foul Ball, location: 2F 1-2: Strikes out looking
|
Batting: RHB Ryan Johnston
|
0-0: Called Strike 0-1: SINGLE (Groundball, 34D, EV 106.9 MPH)
|
Pitching: LHP Rick Sarratt
|
|
Batting: RHB John Tyra
|
0-0: Called Strike 0-1: Ball 1-1: Called Strike 1-2: Fielders Choice at 2nd, 4-6 (Groundball, 34, EV 102.5 MPH)
|
Batting: LHB Gil Caraveo
|
0-0: Ball 1-0: Ball 2-0: Fly out, F6 (Popup, P, EV 75.6 MPH)
|
Top of the 9th over - 0 runs, 1 hit, 0 errors, 1 left on base; Salem-Keizer 2 - Williamsport 7 |
|